 Dungeon Crawl Stone Soup version 0.31.0-32-g396128a36d (webtiles) character file.

Game seed: 11627278443536243281

399 Alphaeus the Ruffian (level 6, 0/59 HPs)
             Began as a Troll Shapeshifter on Mar 18, 2024.
             Slain by a gnoll
             ... wielding a +0 spear
              (5 damage)
             ... on level 3 of the Dungeon.
             The game lasted 00:03:35 (2600 turns).

Alphaeus the Ruffian (Troll Shapeshifter)           Turns: 2600, Time: 00:03:36

Health: 0/59       AC:  4    Str: 25    XL:     6   Next: 53%
Magic:  5/5        EV:  9    Int:  6    God:
Gold:   78         SH:  0    Dex:  9    Spells: 5/5 levels left

rFire   . .          .
                       - Unarmed
rCold   . . .        (no shield)
rNeg    . . .        a - +0 animal skin
rPois   .            (helmet currently unavailable)
rElec   .            (cloak currently unavailable)
rCorr   .            (gloves unavailable)
SInv    .            (boots unavailable)
Will    .....        (no amulet)
Stlth   +            (no ring)
HPRegen 1.09/turn    (no ring)
MPRegen 0.09/turn

%: no passive effects
@: beast-form
A: beast (slay +2), large, unfitting armour, claws 3, regeneration 1, shaggy fur
1, tough skin 1
a: Begin Untransformation


You were on level 3 of the Dungeon.
You were a hulking beast.
You visited 1 branch of the dungeon, and saw 3 of its levels.

You collected 143 gold pieces.
You spent 65 gold pieces at shops.

Inventory:

Armour
 a - a +0 animal skin (worn)
Jewellery
 f - a ring of positive energy
 n - a ring of fire
Talismans
 c - a beast talisman
 d - a flux talisman
Wands
 q - a wand of mindburst (11)
Scrolls
 e - a scroll of brand weapon {unknown}
 g - 2 scrolls of enchant armour {unknown}
 i - a scroll of revelation {unknown}
 k - a scroll of poison {unknown}
 m - 7 scrolls of identify
 p - a scroll of teleportation
 s - a scroll of amnesia {unknown}
 t - a scroll of blinking {unknown}
 u - a scroll of fog {unknown}
Potions
 b - a potion of lignification
 h - a potion of heal wounds {unknown}
 j - a potion of brilliance {unknown}
 l - a potion of enlightenment {unknown}
 o - a potion of mutation {unknown}
 r - 3 potions of degeneration {unknown}


   Skills:
 + Level 2.4 Fighting
 - Level 1.5 Dodging
 * Level 5.2 Unarmed Combat
 * Level 4.9 Shapeshifting


You had 5 spell levels left.
You didn't know any spells.
Your spell library contained the following spells:

 Spells                   Type           Power      Damage    Failure   Level
 Fugue of the Fallen      Necr           0%         N/A       83%         3
 Ozocubu's Armour         Ice            0%         N/A       83%         3
 Manifold Assault         Tloc           0%         N/A       99%         4


Dungeon Overview and Level Annotations

Branches:
Dungeon (3/15)

Altars:
Ashenzari

Shops:
D:2 ?   D:3 =


Innate Abilities, Weirdness & Mutations

You are a hulking beast.
Your limbs bulge with bestial killing power. (Slay +2)
You are too large for most types of armour.
You have claws for hands.
Your natural rate of healing is unusually fast.
You are covered in fur. (AC +1)
You have tough skin. (AC +1)


Message History

The orc is heavily wounded.
The orc barely misses you.
You barely miss the orc.
The orc is heavily wounded.
The gnoll hits you from afar with a +0 spear.
The orc closely misses you.
You scratch the orc.
The orc is almost dead.
The gnoll hits you from afar with a +0 spear.
The orc closely misses you.
You claw the orc!
You kill the orc!
The gnoll hits you from afar with a +0 spear.
The gnoll hits you with a +0 spear. The gnoll barely misses you.
Things that are here:
a +0 club; a +0 chain mail; an orc corpse You barely miss the gnoll.
You claw the gnoll!
You kill the gnoll!
The gnoll hits you but does no damage. The gnoll closely misses you.
The gnoll hits you from afar with a +0 halberd!
* * * LOW HITPOINT WARNING * * *
Things that are here:
a +0 spear; a gnoll corpse You scratch the gnoll.
The gnoll is heavily wounded.
The gnoll barely misses you.
The gnoll hits you from afar with a +0 spear.
* * * LOW HITPOINT WARNING * * *
You barely miss the gnoll.
The gnoll is heavily wounded.
The gnoll hits you from afar with a +0 halberd.
* * * LOW HITPOINT WARNING * * *
The gnoll hits you but does no damage. The gnoll barely misses you.
You scratch the gnoll.
The gnoll is severely wounded.
The gnoll hits you from afar with a +0 halberd!
* * * LOW HITPOINT WARNING * * *
The gnoll hits you with a +0 spear.
You die...

≈~~~~~~~....)~≈~~~~~~~~≈~~~~~~~..
)............g...................
÷.>...####....#######.###########
##.#### ###.g# #.# #.# ##g## #.#
#.# ##..g## #.# #.########..)..#
#.# #..)......#..g######.#
#.∩######.##.ggh)....#
#......##.##.#########
##.###.......# ♣..♣####.##.# ♣..♣
#.##.# ♣P♣.♣♣###.##)#
♣♣♣..P♣♣..##.# #######
♣...P..♣♣###.###.....##
#♣♣.P♣..P♣ #.##PPP(...##


You could see 3 gnolls.

Vanquished Creatures
  An ogre (D:3)
  3 howler monkeys (D:3)
  A hound (D:3)
  Jessica (D:2)
  An orc wizard (D:3)
  3 gnolls (D:3)
  An adder (D:2)
  A dart slug (D:2)
  A ribbon worm (D:3)
  9 orcs (D:3)
  5 endoplasms
  A giant cockroach (D:2)
  5 goblins
  5 hobgoblins
  13 jackals
  5 kobolds
  A quokka (D:3)
  7 ball pythons
  5 bats
  4 frilled lizards
  6 rats
79 creatures vanquished.

Notes
Turn   | Place    | Note
-------+----------+-------------------------------------------
     0 | D:1      | Alphaeus the Troll Shapeshifter began the quest for the
                  | Orb.
     0 | D:1      | Reached XP level 1. HP: 18/18 MP: 0/0
   115 | D:1      | Reached skill level 1 in Fighting
   140 | D:1      | Reached XP level 2. HP: 27/27 MP: 1/1
   224 | D:1      | Found a faded altar of an unknown god.
   847 | D:2      | Reached XP level 3. HP: 33/33 MP: 2/2
  1003 | D:2      | Found a broken altar of Ashenzari.
  1058 | D:2      | Noticed Jessica
  1068 | D:2      | Killed Jessica
  1318 | D:2      | Reached XP level 4. HP: 41/41 MP: 3/3
  1319 | D:2      | Found Oqataeng's Magic Scroll Boutique.
  1326 | D:2      | Bought a scroll of identify for 26 gold pieces
  1326 | D:2      | Bought a scroll of teleportation for 39 gold pieces
  1964 | D:3      | Reached skill level 4 in Unarmed Combat
  2044 | D:3      | Found Bieqeqal's Jewellery Boutique.
  2160 | D:3      | Reached XP level 5. HP: 49/49 MP: 4/4
  2271 | D:3      | Reached XP level 6. HP: 56/57 MP: 5/5
  2574 | D:3      | Reached skill level 5 in Unarmed Combat
  2600 | D:3      | Slain by a gnoll

Illustrated notes

Levels and vault maps discovered:
D:1:      ebering_trefoil_3fold, layout_basic, serial_forest,
          infiniplex_forest_join, infiniplex_forest_lined_3,
          infiniplex_forest_clump_large, infiniplex_forest_pool,
          infiniplex_forest_lined_3, infiniplex_forest_lined_4_way,
          infiniplex_forest_straight_5, hellmonk_ecumenical_altar_lost_god
D:2:      layout_loops_corners, basic_altar, serial_shops, shop, uniq_jessica
D:3:      lemuel_castle_with_subvaults [lemuel_castle_interior_carwin_2],
          layout_loops_corners, serial_forest, infiniplex_forest_end_3,
          infiniplex_forest_clump_curved, infiniplex_forest_straight_2,
          infiniplex_forest_end_3, infiniplex_forest_corner_2,
          infiniplex_forest_join, infiniplex_forest_clump_C,
          infiniplex_forest_end_3, infiniplex_forest_lined_1, serial_shops, shop

Skill      XL: |  1  2  3  4  5  6 |
---------------+-------------------+-----
Fighting       | 1 2 |  2.4
Unarmed Combat | 4 5 |  5.2
Shapeshifting  | 4 |  4.9
Dodging        | |  1.5

Action                     |  1- 3 |  4- 6 || total
---------------------------+-------+-------++-------
  Melee: Unarmed           |    67 |   119 ||   186
         Punch             |       |     4 ||     4
   Stab: Sleeping          |     1 |     1 ||     2
 Armour: Animal skin       |    37 |    73 ||   110
  Dodge: Dodged            |    22 |    67 ||    89
